Map: 16-Bit LE

Players

Lillekanin

  • Race: Terran Terran
  • Spawn Location: 1:00

DnS - Winner!

  • Race: Protoss Protoss
  • Spawn Location: 7:00

Event: WCS Valencia 2018

VOD

Have the link to the VOD?

Description

Time

  • Played on: July 12, 2018, 7:15 a.m.
  • Length: 9:18

All games in this series

Show
View Real Time Build Order
Export as new Build Order

Lillekanin Terran 

Build Orders: Command Center First (CC), Mech 

Get SALT Encoding   

  12  0:00  SCV  
  13  0:12  SCV  
  14  0:18  Supply Depot  
  14  0:24  SCV  
  15  0:39  SCV  
  16  0:51  SCV  
  17  1:01  Command Center  
  17  1:05  SCV  
  18  1:15  Barracks  
  18  1:19  SCV  
  19  1:28  Refinery  
  19  1:30  Refinery  
  19  1:33  SCV  
  20  1:45  SCV  
  22  2:02  Marine  
  22  2:05  Orbital Command  
  22  2:15  Orbital Command  
  22  2:23  Factory  
  22  2:31  Barracks Reactor  
  22  2:34  SCV  
  23  2:41  Bunker  
  23  2:48  SCV  
  24  2:52  SCV  
  24  2:55  Supply Depot  
  25  3:00  SCV  
  25  3:04  SCV  
  27  3:12  SCV  
  28  3:14  Starport  
  28  3:16  Widow Mine  
  28  3:19  Marine  
  31  3:22  SCV  
  31  3:24  SCV  
  33  3:28  Widow Mine  
  33  3:30  Supply Depot  
  33  3:34  SCV  
  36  3:36  SCV  
  36  3:40  Cyclone  
  40  3:47  SCV  
  41  3:49  Cyclone, SCV  
  41  3:55  Starport Tech Lab  
  45  3:59  SCV  
  45  4:02  Refinery, SCV  
  47  4:12  SCV  
  47  4:14  SCV  
  49  4:17  Banshee  
  49  4:21  Supply Depot  
  49  4:24  SCV  
  53  4:26  SCV  
  54  4:43  SCV x2  
  56  4:45  Command Center  
  56  4:55  SCV  
  56  4:56  Command Center  
  56  4:59  SCV  
  58  5:00  Engineering Bay  
  58  5:04  Raven  
  60  5:07  SCV  
  60  5:14  SCV, Factory  
  62  5:17  Factory  
  62  5:18  Refinery  
  62  5:20  Supply Depot  
  62  5:26  Supply Depot  
  62  5:29  Missile Turret  
  62  5:32  Missile Turret  
  62  5:36  SCV x2  
  62  5:42  Barracks Tech Lab  
  61  5:45  Armory  
  61  5:48  Armory, SCV x2  
  63  5:59  Missile Turret, Factory Tech Lab  
  63  6:00  SCV, Factory  
  63  6:04  Factory Tech Lab  
  64  6:06  Factory  
  64  6:10  Orbital Command  
  63  6:18  SCV x3  
  66  6:30  SCV x2  
  69  6:35  Orbital Command  
  69  6:37  SCV  
  69  6:39  Thor  
  69  6:42  SCV, Terran Vehicle And Ship Armor Level 1, Terran Vehicle Weapons Level 1  
  69  6:43  SCV  
  69  6:45  Factory Reactor  
  69  6:46  Hellion  
  79  6:52  Siege Tank  
  79  6:53  Factory Tech Lab  
  82  6:55  Orbital Command, SCV  
  82  7:09  SCV x2  
  82  7:13  Siege Tank  
  86  7:15  Missile Turret  
  86  7:16  Missile Turret x2  
  86  7:21  SCV x2  
  86  7:22  Infernal Pre-Igniter  
  88  7:23  Refinery  
  88  7:24  Widow Mine  
  88  7:25  Refinery  
  90  7:35  Raven  
  90  7:37  SCV  
  91  7:41  SCV  
  91  7:42  Supply Depot  
  91  7:43  Missile Turret  
  91  7:44  Supply Depot  
  92  7:46  Orbital Command, Supply Depot  
  92  7:47  Siege Tank, Missile Turret  
  92  7:50  SCV  
  96  7:53  Hellion  
  99  7:58  Supply Depot, SCV  
  99  8:02  Supply Depot  
  99  8:04  Missile Turret  
  99  8:05  SCV  
  100  8:06  Missile Turret  
  100  8:10  Siege Tank  
  103  8:13  SCV x2  
  103  8:14  Liberator  
  103  8:17  Sensor Tower  
  105  8:26  Sensor Tower, Siege Tank  
  105  8:27  Hellion  
  110  8:28  SCV x2  
  110  8:30  Missile Turret x2  
  110  8:32  SCV x2  
  117  8:37  Siege Tank  
  117  8:39  Missile Turret  
  117  8:40  Hellion  
  117  8:41  Hellion  
  124  8:43  SCV x2  
  124  8:44  SCV  
  124  8:47  Hellion x2  
  132  8:48  SCV  
  132  8:51  Hellion  
  132  8:55  Supply Depot, SCV  
  140  9:05  Supply Depot  
  140  9:06  Supply Depot  
Show
View Real Time Build Order
Export as new Build Order

DnS Protoss - Winner!

Build Orders: 1 Gate Expand, Oracle Opening, Zealot Archon 

Get SALT Encoding   

  12  0:00  Probe  
  13  0:12  Probe  
  14  0:20  Pylon  
  14  0:24  Probe  
  15  0:34  Probe  
  15  0:39  Gateway  
  16  0:42  Probe  
  16  0:48  Assimilator  
  17  0:53  Probe  
  18  1:05  Probe  
  19  1:17  Probe  
  20  1:25  Nexus  
  20  1:37  Cybernetics Core, Probe  
  21  1:45  Assimilator  
  21  1:49  Probe  
  21  1:53  Pylon  
  22  2:01  Probe  
  22  2:03  Stalker  
  23  2:12  Probe  
  26  2:20  Probe  
  26  2:27  Stargate  
  26  2:28  Probe  
  27  2:33  Probe  
  27  2:35  Warp Gate  
  29  2:40  Probe  
  29  2:41  Probe  
  30  2:44  Adept  
  33  2:51  Probe  
  33  2:52  Probe  
  35  3:02  Oracle  
  35  3:03  Probe  
  35  3:04  Probe  
  40  3:15  Probe  
  41  3:20  Probe  
  42  3:27  Probe, Gateway  
  42  3:28  Gateway  
  42  3:30  Pylon  
  42  3:33  Probe  
  44  3:38  Adept  
  46  3:43  Pylon  
  46  3:48  Oracle, Probe x2  
  51  4:00  Probe x2  
  53  4:05  Nexus  
  53  4:07  Pylon  
  53  4:12  Probe x2  
  55  4:23  Assimilator  
  55  4:24  Probe x2, Assimilator  
  55  4:25  Phoenix  
  59  4:36  Probe x2  
  61  4:40  Robotics Facility  
  61  4:49  Probe x2  
  61  4:50  Phoenix  
  65  4:54  Pylon  
  65  5:01  Probe  
  65  5:04  Probe  
  67  5:13  Probe  
  68  5:15  Phoenix  
  68  5:16  Probe  
  68  5:17  Forge  
  68  5:18  Twilight Council  
  68  5:20  Shield Battery, Probe  
  72  5:22  Shield Battery  
  72  5:25  Probe  
  74  5:28  Observer  
  74  5:29  Probe  
  74  5:31  Protoss Ground Armor Level 1  
  74  5:32  Probe  
  74  5:34  Charge  
  76  5:37  Probe  
  76  5:41  Probe, Gateway x2  
  76  5:42  Gateway  
  78  5:44  Probe  
  78  5:49  Stalker  
  81  5:50  Sentry x2  
  81  5:53  Probe  
  86  5:59  Gateway x2  
  86  6:01  Observer  
  86  6:04  Probe x2, Pylon  
  89  6:10  Probe  
  90  6:14  Assimilator  
  90  6:15  Assimilator, Pylon  
  90  6:16  Probe  
  90  6:17  Pylon  
  91  6:21  Immortal  
  88  6:26  Probe x2  
  88  6:32  Probe  
  95  6:34  Zealot x3  
  95  6:37  Templar Archives  
  95  6:38  Probe  
  102  6:45  Pylon  
  102  6:52  Zealot  
  102  6:53  Zealot  
  106  6:56  Phoenix, Protoss Ground Weapons Level 1  
  106  6:58  Robotics Facility  
  106  7:00  Immortal  
  112  7:12  Zealot x6  
  124  7:16  Pylon x2  
  124  7:24  Pylon  
  124  7:33  High Templar  
  124  7:34  High Templar x3  
  124  7:36  Nexus  
  127  7:38  Warp Prism, Archon x2  
  127  7:42  Immortal  
  127  7:49  Gateway  
  127  7:50  Gateway  
  133  7:53  Gateway  
  133  7:57  High Templar x2  
  137  8:00  Zealot x2  
  137  8:01  Archon  
  137  8:02  Pylon  
  137  8:05  Pylon  
  141  8:06  Zealot  
  141  8:07  Zealot  
  141  8:11  Photon Cannon  
  145  8:12  High Templar  
  145  8:13  High Templar  
  145  8:17  Archon  
  149  8:25  Zealot  
  149  8:26  Zealot  
  153  8:30  Pylon  
  153  8:31  Pylon  
  153  8:32  Pylon  
  153  8:33  Observer  
  153  8:35  Probe x3  
  153  8:41  High Templar x2  
  158  8:42  Zealot x2  
  158  8:46  Archon  
  164  8:50  Zealot  
  164  8:51  Pylon, Zealot x4  
  163  9:12  Zealot x9  
Tags
 
Add a new tag
Caveats
  • Supply blocks, unpowered buildings, or Contaminate may cause inaccurate times.
  • Supply counts are checked every 10 seconds.